AoeStats
← zhizan1990

Black Forest

504792349Analyzed
2v2 RM · 25d ago on Sep 6, 2026· 65m 1s· 4 players
Game mode
Random Map
Map size
Medium (4 player)
Population
200
Speed
Normal
Resources
Standard
Victory
Conquest
Starting age
Dark Age
Ending age
Imperial Age
RankedLock teamsTeams togetherTeam positionsShared explorationLock speedFull tech treeHidden civsTurbo modeCheats
Victory
Defeat
🇨🇱 Vietnamese · Chile
1053
+11
🇨🇳 Chinese · China
1000
+40
🇨🇳 Huns · China
958
-18
🇸🇪 Celts · Sweden
930
-12
Shaggy
7:46 Loom
10:11 Feudal Age
10:37 Man-at-Arms
16:34 Fletching
20:59 Wheelbarrow
20:07 Horse Collar
21:05 Double-Bit Axe
25:30 Castle Age
24:17 Gold Mining
25:43 Crossbowman
26:37 Pikeman
28:29 Bodkin Arrow
35:18 Imperial Age
33:59 Padded Archer Armor
34:12 Thumb Ring
34:45 Bow Saw
35:31 Leather Archer Armor
39:28 Two-Man Saw
38:37 Arbalester
40:30 Ballistics
40:50 Onager
42:43 Chemistry
42:15 Hand Cart
43:12 Bracer
44:16 Ring Archer Armor
49:49 Scale Barding Armor
49:44 Scale Mail Armor
49:55 Forging
49:59 Light Cavalry
50:50 Bloodlines
51:04 Chain Barding Armor
zhizan1990
1:30 Loom
13:25 Feudal Age
14:43 Horse Collar
14:51 Double-Bit Axe
18:09 Castle Age
17:13 Double-Bit Axe
17:45 Stone Mining
19:22 Heavy Plow
20:48 Bow Saw
23:41 Wheelbarrow
27:00 Padded Archer Armor
29:43 Fletching
30:08 Leather Archer Armor
33:37 Imperial Age
31:41 Town Watch
32:41 Hand Cart
32:47 Hand Cart
33:09 Leather Archer Armor
32:45 Fletching
34:12 Ballistics
34:11 Husbandry
34:24 Bloodlines
35:52 Two-Man Saw
35:30 Forging
35:10 Cavalier
36:32 Bodkin Arrow
46:30 Iron Casting
46:02 Scale Barding Armor
57:15 Chemistry
56:38 Murder Holes
65:08 Town Patrol
ELIAS
1:36 Loom
13:07 Feudal Age
18:40 Castle Age
16:34 Stone Mining
26:19 Stone Shaft Mining
25:46 Town Watch
26:52 Double-Bit Axe
28:11 Gold Mining
28:48 Horse Collar
34:04 Wheelbarrow
33:31 Town Patrol
33:28 Fletching
34:37 Gold Shaft Mining
34:14 Bow Saw
34:58 Heavy Plow
37:46 Scale Mail Armor
37:28 Treadmill Crane
38:10 Hand Cart
42:08 Imperial Age
41:01 Fortified Wall
42:42 Onager
44:49 Siege Engineers
45:35 Furor Celtica
46:24 Siege Onager
47:35 Bodkin Arrow
49:41 Pikeman
51:01 Gambesons
53:02 Halberdier
lanlanlan-S
1:23 Loom
13:11 Feudal Age
Connection lost

Rejoining the realm…

Still unreachable

The connection could not be restored.

Session expired

The server has moved on; the page needs a fresh start.